AoeStats
← waLLefps.

Arena

506700957Analyzed
4v4 RM · 17d ago on Sep 14, 2026· 42m 13s· 8 players
Game mode
Random Map
Map size
Large (8 player)
Population
200
Speed
Normal
Resources
Standard
Victory
Conquest
Starting age
Dark Age
Ending age
Imperial Age
RankedLock teamsTeams togetherTeam positionsShared explorationLock speedFull tech treeHidden civsTurbo modeCheats
Victory
Defeat
🇮🇪 Goths · Ireland
1569
+10
🇳🇱 Malay · Netherlands
1545
+11
🇩🇪 Hindustanis · Germany
1542
+11
🇩🇪 Portuguese · Germany
1468
+14
🇹🇷 Mongols · Türkiye
1471
-13
🇹🇷 Japanese · Türkiye
1454
-12
🇹🇷 Persians · Türkiye
1420
-11
🇹🇷 Shu · Türkiye
1389
-10
bommietommie
9:04 Feudal Age
8:39 Double-Bit Axe
8:47 Horse Collar
15:08 Wheelbarrow
17:36 Castle Age
17:55 Bow Saw
19:17 Heavy Plow
20:56 Hand Cart
21:30 Loom
21:52 Town Watch
22:08 Gold Mining
27:37 Imperial Age
25:04 Crossbowman
25:35 Fletching
26:32 Ballistics
26:33 Bodkin Arrow
27:07 Padded Archer Armor
28:23 Chemistry
27:53 Bracer
28:33 Arbalester
29:19 Thumb Ring
31:04 Forging
32:36 Leather Archer Armor
33:00 Herbal Medicine
33:47 Ring Archer Armor
32:50 Pikeman
33:47 Squires
36:11 Iron Casting
37:31 Siege Engineers
40:33 Caravan
41:20 Halberdier
Hommi
10:51 Feudal Age
14:40 Castle Age
12:56 Double-Bit Axe
12:53 Horse Collar
17:37 Bow Saw
18:15 Heavy Plow
23:52 Wheelbarrow
27:29 Imperial Age
25:06 Loom
26:36 Scale Barding Armor
26:41 Forging
27:41 Chain Barding Armor
27:19 Gold Mining
27:46 Hand Cart
27:37 Heavy Camel Rider
28:17 Husbandry
28:28 Bloodlines
28:39 Bloodlines
29:45 Plate Barding Armor
31:09 Imperial Camel Rider
33:09 Conscription
34:02 Iron Casting
33:18 Siege Elephant
35:27 Blast Furnace
36:33 Light Cavalry
37:53 Hussar
40:32 Squires
40:18 Arson
40:51 Scale Mail Armor
41:14 Elite Ghulam
42:51 Chain Mail Armor
Pr3mier
12:08 Feudal Age
15:58 Castle Age
13:47 Horse Collar
13:53 Double-Bit Axe
17:02 Bow Saw
19:57 Wheelbarrow
21:28 Heavy Plow
22:23 Gold Mining
23:08 Stone Mining
24:12 Hand Cart
28:49 Imperial Age
26:54 Scale Mail Armor
27:04 Forging
27:20 Squires
28:14 Chain Mail Armor
27:22 Pikeman
28:17 Loom
28:21 Town Watch
29:22 Iron Casting
29:18 Halberdier
31:05 Chemistry
32:01 Blast Furnace
31:53 Conscription
32:21 Anarchy
33:44 Two-Man Saw
32:54 Elite Huskarl
PanicWaller
11:17 Feudal Age
12:30 Double-Bit Axe
14:54 Castle Age
13:21 Horse Collar
15:31 Loom
22:46 Imperial Age
21:46 Fletching
22:02 Gold Mining
22:54 Bodkin Arrow
27:00 Town Watch
27:51 Wheelbarrow
34:40 Bow Saw
34:27 Stone Mining
34:54 Bracer
36:58 Conscription
38:27 Ballistics
39:07 Chemistry
38:20 Masonry
38:13 Padded Archer Armor
39:24 Elite Organ Gun
42:04 Leather Archer Armor
42:02 Siege Engineers
42:08 Masonry
Yokolucu
10:49 Feudal Age
12:28 Double-Bit Axe
14:45 Castle Age
14:01 Horse Collar
15:43 Bow Saw
15:58 Heavy Plow
26:05 Imperial Age
24:07 Fletching
25:41 Fletching
26:20 Bodkin Arrow
27:32 Bloodlines
29:01 Husbandry
29:06 Bracer
29:51 Padded Archer Armor
32:52 Ballistics
32:52 Leather Archer Armor
37:29 Wheelbarrow
Tameryig1t
11:23 Feudal Age
15:28 Castle Age
13:42 Double-Bit Axe
13:39 Horse Collar
14:54 Loom
15:44 Wheelbarrow
17:05 Fletching
17:37 Heavy Plow
17:50 Bow Saw
27:57 Imperial Age
25:42 Hand Cart
25:13 Town Watch
25:23 Fletching
27:44 Bodkin Arrow
27:49 Padded Archer Armor
28:16 Forging
28:06 Scale Mail Armor
29:47 Chemistry
29:07 Ballistics
29:20 Bracer
29:36 Leather Archer Armor
31:05 Gold Mining
31:05 Stone Mining
32:52 Conscription
34:10 Bolt Magazine
36:10 Gold Shaft Mining
37:33 Ring Archer Armor
37:09 Scale Barding Armor
36:53 Arson
37:08 Squires
36:54 Gambesons
37:47 Thumb Ring
37:03 Crossbowman
37:48 Coiled Serpent Array
37:31 Arbalester
37:52 Elite Skirmisher
41:14 Elite White Feather Guard
42:44 Chain Mail Armor
waLLefps.
11:34 Feudal Age
15:40 Castle Age
13:39 Double-Bit Axe
14:06 Horse Collar
16:32 Bow Saw
17:18 Heavy Plow
22:09 Wheelbarrow
23:26 Hand Cart
23:40 Gold Mining
23:43 Loom
24:46 Town Watch
26:53 Gold Shaft Mining
26:28 Scale Barding Armor
26:33 Forging
29:37 Imperial Age
28:14 Bloodlines
28:05 Husbandry
28:26 Chain Barding Armor
28:42 Iron Casting
28:00 Fletching
28:06 Stone Mining
28:32 Light Cavalry
30:16 Masonry
29:37 Cavalier
30:53 Plate Barding Armor
32:01 Conscription
32:58 Two-Man Saw
31:51 Savar
33:43 Hussar
36:33 Bodkin Arrow
37:40 Blast Furnace
klostrofobikköstebek
10:18 Feudal Age
14:36 Castle Age
12:55 Horse Collar
13:02 Double-Bit Axe
17:22 Wheelbarrow
17:09 Heavy Plow
21:40 Hand Cart
22:14 Loom
27:40 Imperial Age
25:31 Padded Archer Armor
25:22 Fletching
25:26 Guard Tower
25:52 Gold Mining
26:34 Bow Saw
27:30 Leather Archer Armor
27:11 Bodkin Arrow
28:24 Ballistics
29:28 Chemistry
29:37 Ring Archer Armor
29:56 Gold Shaft Mining
29:38 Husbandry
31:30 Parthian Tactics
31:53 Yasama
33:16 Siege Engineers
32:48 Heavy Cavalry Archer
35:12 Bracer
35:00 Pikeman
35:40 Squires
35:26 Arson
36:54 Scale Mail Armor
37:05 Forging
36:16 Halberdier
39:33 Chain Mail Armor
Connection lost

Rejoining the realm…

Still unreachable

The connection could not be restored.

Session expired

The server has moved on; the page needs a fresh start.